 Dungeon Crawl Stone Soup version 0.23.2 (webtiles) character file.

Game seed: 8609271474037082451

1740 Requim the Chopper (level 9, 0/81 HPs)
             Began as a Naga Fighter on Apr 6, 2019.
             Was a Follower of Okawaru.
             Slain by Harold
             ... wielding a +0 battleaxe
              (9 damage)
             ... on level 7 of the Dungeon.
             The game lasted 00:42:01 (7048 turns).

Requim the Chopper (Naga Fighter)                   Turns: 7048, Time: 00:42:01

Health: 0/81       AC: 12    Str: 22    XL:     9   Next: 5%
Magic:  9/9        EV:  2    Int:  9    God:    Okawaru [*.....]
Gold:   154        SH: 16    Dex: 16    Spells: 8/8 levels left

rFire    . . .     SeeInvis +   a - +0 war axe
rCold    . . .     Gourm    .   e - +1 large shield {reflect}
rNeg     . . .     Faith    .   n - +0 plate armour
rPois    +         Spirit   .   (no helmet)
rElec    .         Reflect  +   b - +1 cloak
rCorr    .         Harm     .   (no gloves)
MR       +....                  (no barding)
Stlth    ..........             (no amulet)
HPRegen  0.23/turn              d - ring of see invisible
MPRegen  0.11/turn              p - +6 ring of dexterity

@: marked, hasted, quick
A: large, see invisible, deformed body, poison resistance, slowness 2, slow
metabolism 1, spit poison 1, AC +3
a: Spit Poison, Heroism, Renounce Religion


You were on level 7 of the Dungeon.
You worshipped Okawaru.
Okawaru was aware of your devotion.
You were not hungry.

You visited 2 branches of the dungeon, and saw 8 of its levels.

You collected 343 gold pieces.
You spent 189 gold pieces at shops.

Inventory:

Hand Weapons
 a - a +0 war axe (weapon)
Armour
 b - a +1 cloak (worn)
 e - a +1 large shield of reflection (worn)
 n - a +0 plate armour (worn)
Jewellery
 d - a ring of see invisible (left hand)
 p - a +6 ring of dexterity (right hand)
Wands
 g - a wand of polymorph (1)
Scrolls
 j - 2 scrolls of remove curse
 m - a scroll of blinking
 o - 2 scrolls of teleportation
Potions
 h - 2 potions of flight
 l - 2 potions of mutation {unknown}
 q - a potion of invisibility
Comestibles
 f - 4 rations


   Skills:
 + Level 5.1 Fighting
 + Level 7.2 Axes
 + Level 5.2 Armour
 + Level 2.0 Dodging
 + Level 0.8 Stealth
 + Level 4.4 Shields
 + Level 0.8 Unarmed Combat


You had 8 spell levels left.
You didn't know any spells.
Your spell library was empty.

Dungeon Overview and Level Annotations

Branches:
Dungeon (7/15)             Temple (1/1) D:6

Altars:
Ashenzari
Cheibriados
Dithmenos
Elyvilon
Fedhas
Hepliaklqana
Nemelex Xobeh
Okawaru
Qazlal
Ru
Sif Muna
Trog
Uskayaw
Vehumet
Wu Jian
Yredelemnul
Zin
The Shining One

Shops:
D:4 *

Annotations:
D:7 Harold


Innate Abilities, Weirdness & Mutations

You cannot wear boots.
Your serpentine skin is tough. (AC +3)
You have supernaturally acute eyesight. (SInv)
Armour fits poorly on your strangely shaped body.
Your system is resistant to poisons. (rPois)
You cover ground very slowly.
You have a slow metabolism.
You can spit poison.


Message History

Harold is severely wounded.
You block Harold's attack.
You hit Harold.
Harold is severely wounded.
You slash Harold!
Harold is almost dead.
You block Harold's attack.
You hit Harold.
Harold is almost dead.
Harold gestures at you while chanting. The mark upon you grows brighter.
Harold hits you but does no damage.
You hit Harold but do no damage.
Harold is almost dead.
You hit Harold.
Harold is almost dead.
You block Harold's attack.
Your shield and plate armour prevent you from hitting Harold.
Harold is almost dead.
Harold hits you with a +0 battleaxe!
You die...

#......#
#......#
#......#
#......#
#......#
#......#
#......#
#.@@...#
#.#'####
# #.#
#<# ###


You could see Harold.

Vanquished Creatures
  A slime creature (D:6)
  Sigmund (D:3)
  Menkaure (D:4)
  A phantom (D:4)
  An ogre (D:4)
  A bullfrog (D:3)
  A scorpion (D:5)
  2 howler monkeys
  6 jellies
  An orc priest (D:5)
  5 hounds
  2 orc wizards (D:3)
  Jessica (D:3)
  Terence (D:2)
  3 iguanas
  4 worker ants
  A gnoll (D:1)
  7 adders
  17 oozes
  An adder zombie (D:6)
  An adder skeleton (D:6)
  3 worms
  3 dart slugs
  3 leopard geckos
  15 orcs
  A ball python (D:1)
  4 giant cockroaches
  7 goblins
  6 hobgoblins
  12 jackals
  5 quokkas
  7 bats
  6 frilled lizards
  A jackal zombie (D:6)
  4 kobolds
  A leopard gecko skeleton (D:4)
  A leopard gecko zombie (D:3)
  2 rats
140 creatures vanquished.

Vanquished Creatures (others)
  5 fungi (D:6)
5 creatures vanquished.

Grand Total: 145 creatures vanquished

Notes
Turn   | Place    | Note
-------+----------+-------------------------------------------
     0 | D:1      | Requim the Naga Fighter began the quest for the Orb.
     0 | D:1      | Reached XP level 1. HP: 21/21 MP: 1/1
   373 | D:1      | Reached XP level 2. HP: 28/28 MP: 2/2
   861 | D:1      | Reached XP level 3. HP: 34/34 MP: 3/3
  1425 | D:2      | Found a bloodstained altar of Trog.
  1475 | D:2      | Reached XP level 4. HP: 18/42 MP: 4/4
  1752 | D:2      | Noticed Terence
  1786 | D:2      | Killed Terence
  2297 | D:2      | Reached XP level 5. HP: 40/49 MP: 5/5
  2815 | D:3      | Reached skill level 1 in Dodging
  2872 | D:3      | Reached skill level 3 in Axes
  3021 | D:3      | Reached XP level 6. HP: 40/57 MP: 6/6
  3090 | D:3      | Noticed Jessica
  3105 | D:3      | Killed Jessica
  3443 | D:3      | Found an iron altar of Okawaru.
  3459 | D:3      | Became a worshipper of Warmaster Okawaru
  3556 | D:3      | Found a snail-covered altar of Cheibriados.
  3781 | D:3      | Noticed Sigmund
  3793 | D:3      | Killed Sigmund
  3793 | D:3      | Reached skill level 4 in Axes
  3793 | D:3      | Reached XP level 7. HP: 43/64 MP: 7/7
  3950 | D:4      | Found a deep blue altar of Sif Muna.
  4008 | D:4      | Noticed Menkaure
  4023 | D:4      | Killed Menkaure
  4327 | D:4      | Reached skill level 5 in Axes
  4369 | D:4      | Reached * piety under Okawaru
  4580 | D:4      | Reached XP level 8. HP: 62/73 MP: 8/8
  4629 | D:4      | Found Nog Lyom's General Store.
  4669 | D:4      | Bought a +1 large shield of reflection for 189 gold pieces
  4983 | D:5      | Entered Level 5 of the Dungeon
  5338 | D:5      | Reached skill level 6 in Axes
  5398 | D:5      | Found a stormy altar of Qazlal.
  5744 | D:5      | Found a blossoming altar of Fedhas.
  5853 | D:5      | Found a blossoming altar of Fedhas.
  5925 | D:6      | Found a basalt altar of Yredelemnul.
  6027 | D:6      | Found a staircase to the Ecumenical Temple.
  6047 | Temple   | Entered the Ecumenical Temple
  6376 | D:6      | Found a radiant altar of Vehumet.
  6535 | D:6      | Noticed a slime creature
  6559 | D:6      | Killed a slime creature
  6559 | D:6      | Reached skill level 5 in Fighting
  6559 | D:6      | Reached skill level 5 in Armour
  6589 | D:6      | Reached XP level 9. HP: 17/81 MP: 9/9
  6598 | D:6      | Reached skill level 7 in Axes
  6606 | D:6      | Reached ** piety under Okawaru
  7017 | D:7      | Noticed Harold
  7048 | D:7      | Slain by Harold

Skill      XL: |  1  2  3  4  5  6  7  8  9 |
---------------+----------------------------+-----
Armour         | 3 4 5 |  5.2
Dodging        | 1 2 |  2.0
Axes           | 3 4 5 6 7 |  7.2
Shields        | 3 4 |  4.4
Fighting       | 4 5 |  5.1
Stealth        | |  0.8
Unarmed Combat | |  0.8

Action                   |  1- 3 |  4- 6 |  7- 9 || total
-------------------------+-------+-------+-------++-------
Melee: War axe           |   122 |   158 |   322 ||   602
       Unarmed           |       |    25 |       ||    25
 Abil: Spit Poison       |       |     1 |     1 ||     2
  Use: Scroll            |     1 |     8 |     6 ||    15
       Potion            |       |     2 |     7 ||     9
  Eat: Ration            |     1 |     2 |     2 ||     5
Armor: Scale mail        |   103 |    54 |     4 ||   161
       Plate armour      |       |       |   142 ||   142
Dodge: Dodged            |    42 |    42 |    21 ||   105
Block: Shield            |    85 |    80 |    38 ||   203
       Large shield      |       |       |   177 ||   177
